 Dungeon Crawl Stone Soup version 0.30-a0-210-g01b79a254e (webtiles) character file.

Game seed: 5595809407140463876

1285 Iusername the Cleaver (level 8, -2/64 (69) HPs)
             Began as a Minotaur Fighter on Oct 4, 2022.
             Killed by divine providence
             ... invoked by an orc priest
              (12 damage)
             ... on level 7 of the Dungeon.
             The game lasted 00:07:56 (6502 turns).

Iusername the Cleaver (Minotaur Fighter)            Turns: 6502, Time: 00:07:56

HP:   -2/64 (69)    AC:  9    Str: 23    XL:     8   Next: 29%
MP:   7/7           EV: 10    Int:  5    God:
Gold: 265           SH:  0    Dex: 10    Spells: 7/7 levels left

rFire   . . .      SeeInvis .    a - +0 war axe
rCold   . . .      Faith    .    c - +0 buckler
rNeg    . . .      Spirit   .    b - +0 scale mail
rPois   .          Reflect  +    (helmet restricted)
rElec   .          Harm     .    v - +0 cloak
rCorr   .          Rampage  .    (no gloves)
Will    .....                    (no boots)
Stlth   ..........               r - amulet of reflection
HPRegen 0.30/turn                (no ring)
MPRegen 0.10/turn                (no ring)

@: confused, drained
A: horns 2, retaliatory headbutt
a: no special abilities


You were on level 7 of the Dungeon.
You visited 1 branch of the dungeon, and saw 7 of its levels.

You collected 265 gold pieces.

Inventory:

Hand Weapons
 a - a +0 war axe (weapon)
Armour
 b - a +0 scale mail (worn)
 c - a +0 buckler (worn)
 v - a +0 cloak (worn)
Jewellery
 r - an amulet of reflection (around neck)
 u - a +4 ring of evasion
Wands
 t - a wand of polymorph (4)
Scrolls
 d - a scroll of vulnerability
 l - a scroll of magic mapping
 m - 3 scrolls of enchant armour
 p - a scroll of identify
 s - a scroll of brand weapon {unknown}
Potions
 e - a potion of invisibility {unknown}
 g - 6 potions of heal wounds {unknown}
 h - a potion of brilliance {unknown}
 i - a potion of haste {unknown}
 k - a potion of cancellation {unknown}
 n - 7 potions of curing {unknown}
 o - 2 potions of attraction {unknown}
 q - 2 potions of degeneration {unknown}
 w - a potion of lignification {unknown}


   Skills:
 + Level 5.6 Fighting
 + Level 8.1 Axes
 + Level 7.5 Armour
 + Level 2.2 Dodging
 + Level 1.1 Stealth
 + Level 4.9 Shields


You had 7 spell levels left.
You didn't know any spells.
Your spell library contained the following spells:

 Spells                   Type           Power      Damage    Failure   Level
 Iskenderun's Battlesphe  Conj           0%         2d6       100%        5
 Iron Shot                Conj/Erth      0%         9d1       100%        6
 Spellforged Servitor     Conj/Summ      0%         N/A       100%        7


Dungeon Overview and Level Annotations

Branches:
Dungeon (7/15)
 Temple: D:4-7

Altars:
Nemelex Xobeh
Qazlal
Zin

Shops:
D:4 (   D:5 ?

Annotations:
D:4 3 runed translucent doors, CougarLife's ghost, novice MiFi


Innate Abilities, Weirdness & Mutations

You have a pair of horns on your head.
You reflexively headbutt those who attack you in melee.


Message History

An orc comes into view. It is wielding a +0 club.
An orc wizard comes into view. It is wielding a +0 dagger.
You hit the water moccasin.
The water moccasin is lightly wounded.
The water moccasin bites you but does no damage.
You block the water moccasin's attack.
You slash the water moccasin! You headbutt the water moccasin!
The water moccasin is almost dead.
The water moccasin bites you.
You closely miss the water moccasin.
The water moccasin is almost dead.
The water moccasin closely misses you. The water moccasin bites you.
An orc priest comes into view.
It is wielding a +2 hand axe of flaming.
An orc comes into view. It is wielding a +0 club.
The orc priest shouts!
You slash the water moccasin!
You kill the water moccasin!
You barely miss the orc.
You hear a shout!
The orc hits you with a +0 morningstar!
The orc priest invokes the aid of Beogh against you.
Beogh smites you!
* * * LOW HITPOINT WARNING * * *
Your life force feels restored.
Your Axes skill increases to level 8!
An orc comes into view. It is wielding a +0 short sword.
Found 2 bubbling yellow potions and a white potion.
The orc barely misses you. The orc attacks as you move away!
The orc hits you with a +0 morningstar.
* * * LOW HITPOINT WARNING * * *
Found a pair of gloves.
Nemelex Xobeh makes you draw from the deck of Punishment.
You draw a card...
You have drawn the Wraith.
You feel drained.
The orc wizard points at you and mumbles some strange words.
You are confused.
There is a stone staircase leading up here.
The orc shouts!
The orc priest calls down the wrath of Beogh upon you.
Beogh smites you!
You die...

.. #.#....#### .
... #[........# .
...##.........# .
...........!!.. .
........#..#..#
#......>......#
.............####
##
.......@........
.# ...............
.#
........#.#..####
.#
......oo#o#.....##
##
.$......o...o....#
#...........###.##
....#.#.##...... #
##....#.##...o...
. #.####.##..###.#


You could see an orc priest, an orc wizard and 3 orcs.

Vanquished Creatures
  Duvessa (D:5)
  A water moccasin (D:7)
  A sky beast (D:6)
  A black bear (D:6)
  An ice beast (D:6)
  A necrophage (D:5)
  2 scorpions
  Dowan (D:5)
  A howler monkey (D:6)
  6 hounds
  Crazy Yiuf (D:6)
  2 iguanas
  An orc wizard (D:3)
  7 gnolls
  10 adders
  4 dart slugs
  9 orcs
  8 bats
  3 endoplasms (D:1)
  6 giant cockroaches
  8 goblins
  7 hobgoblins
  2 jackals (D:2)
  8 kobolds
  4 quokkas
  6 ball pythons
  A frilled lizard (D:2)
  5 rats
108 creatures vanquished.

Vanquished Creatures (others)
  4 fungi (D:6)
4 creatures vanquished.

Grand Total: 112 creatures vanquished

Notes
Turn   | Place    | Note
-------+----------+-------------------------------------------
     0 | D:1      | Iusername the Minotaur Fighter began the quest for the Orb.
     0 | D:1      | Reached XP level 1. HP: 19/19 MP: 0/0
   148 | D:1      | Reached XP level 2. HP: 27/27 MP: 1/1
   394 | D:1      | Reached skill level 3 in Axes
   665 | D:1      | Reached XP level 3. HP: 32/33 MP: 2/2
   968 | D:2      | Found a faded altar of an unknown god.
   983 | D:2      | Prayed at the altar of an unknown god.
   983 | D:2      | Became a worshipper of Nemelex Xobeh the Trickster
   983 | D:2      | Reached * piety under Nemelex Xobeh
   983 | D:2      | Received a gift from Nemelex Xobeh
   984 | D:2      | Fell from the grace of Nemelex Xobeh
  1120 | D:2      | Reached XP level 4. HP: 40/41 MP: 3/3
  1673 | D:3      | Reached skill level 4 in Axes
  1808 | D:3      | Reached XP level 5. HP: 47/47 MP: 4/4
  2465 | D:4      | Found a glowing silver altar of Zin.
  2522 | D:4      | Noticed CougarLife's ghost (novice MiFi)
  2527 | D:4      | Reached skill level 5 in Axes
  2529 | D:4      | Found Ehisch's Weapon Shoppe.
  2733 | D:4      | Found a sparkling altar of Nemelex Xobeh.
  2794 | D:4      | Found a stormy altar of Qazlal.
  2899 | D:4      | Reached skill level 5 in Fighting
  2899 | D:4      | Reached skill level 5 in Armour
  2899 | D:4      | Reached XP level 6. HP: 50/56 MP: 5/5
  3387 | D:4      | Found a runed translucent gate.
  3387 | D:4      | Found a runed translucent gate.
  3388 | D:4      | Found a runed translucent gate.
  3516 | D:5      | Entered Level 5 of the Dungeon
  3755 | D:5      | Reached skill level 6 in Axes
  3755 | D:5      | Reached skill level 1 in Dodging
  3916 | D:5      | Reached XP level 7. HP: 49/61 MP: 6/6
  4249 | D:5      | Found Vuacysch's Magic Scroll Emporium.
  4763 | D:5      | Noticed Duvessa
  4763 | D:5      | Noticed Dowan
  4770 | D:5      | Killed Duvessa
  4774 | D:5      | Killed Dowan
  4900 | D:5      | Reached skill level 7 in Axes
  5335 | D:6      | Reached XP level 8. HP: 50/69 MP: 7/7
  5602 | D:6      | Reached skill level 1 in Stealth
  6352 | D:6      | Found a runed translucent door.
  6353 | D:6      | Noticed Crazy Yiuf
  6358 | D:6      | Killed Crazy Yiuf
  6483 | D:7      | Noticed a lindwurm
  6483 | D:7      | Noticed a fire crab
  6496 | D:7      | Reached skill level 8 in Axes
  6502 | D:7      | Killed from afar by an orc priest

Illustrated notes

Levels and vault maps discovered:
D:1:      wander_arrival_peaceful_grave, layout_loops_corners
D:2:      layout_rooms, serial_corexii_hall, chequers_hall_statues_y,
          chequers_hall_statues_y, shapermc_ecumenical_altar_starsandcircs,
          kennysheep_crisscross
D:3:      layout_loops_ring, grunt_decor_one_mirror
D:4:      layout_cave_pods, nicolae_qazlal_scattered_showers,
          nicolae_overflow_crystal_walls, mainiacjoe_overflow_small_starburst,
          gammafunk_ghost_split, serial_shops, nicolae_shop_advertising_works
          [nicolae_subvault_shop_adworks], minmay_misc_feat_hallway,
          minmay_misc_feat_square
D:5:      layout_cave_pools, serial_shops, nicolae_shop_statue_plus,
          uniq_duvessa
D:6:      layout_gridville, uniq_crazy_yiuf_cottage
D:7:      layout_basic, old_standard_altar, minmay_temple_entry_trees,
          gammafunk_ghost_cemetery, kennysheep_generic_room_4

Skill      XL: |  1  2  3  4  5  6  7  8 |
---------------+-------------------------+-----
Armour         | 4 5 7 |  7.5
Axes           | 3 4 5 6 7 8 |  8.1
Fighting       | 4 5 |  5.6
Shields        | 4 |  4.9
Dodging        | 1 2 |  2.2
Stealth        | 1 |  1.1

Action                   |  1- 3 |  4- 6 |  7- 9 || total
-------------------------+-------+-------+-------++-------
Melee: War axe           |    72 |   124 |    84 ||   280
       Headbutt          |     5 |    18 |    13 ||    36
Invok: Renounce Religion |     1 |       |       ||     1
  Use: Potion            |       |     1 |     1 ||     2
       Scroll            |       |     4 |     7 ||    11
Armor: Scale mail        |    38 |    53 |    31 ||   122
Dodge: Dodged            |    32 |    61 |    30 ||   123
Block: Buckler           |    11 |    32 |    16 ||    59

Table legend: (Time is in decaauts)
 A = Elapsed time spent in this place.
 B = Non-inter-level travel time spent in this place.
 C = Inter-level travel time spent in this place.
 D = Time resting spent in this place.
 E = Time spent auto-exploring this place.
 F = Levels seen in this place.
 G = Mean time per level.
                   A        B        C        D        E       F      G
               +--------+--------+--------+--------+--------+-----+--------+
         Total |   6573 |   6370 |    203 |    769 |   4810 |   7 |  939.0 |
       Dungeon |   6573 |   6370 |    203 |    769 |   4810 |   7 |  939.0 |
               +--------+--------+--------+--------+--------+-----+--------+

Top non-repeatable levels by time:
     D:5: 1620 daAuts
     D:6: 1294 daAuts
     D:4: 1094 daAuts
     D:1: 937 daAuts
     D:3: 905 daAuts
     D:2: 642 daAuts
     D:7: 79 daAuts
